 Dungeon Crawl Stone Soup version 0.18.1-50-g88ac8fd (webtiles) character file.

19637 kengeki the Covert (level 12, -2/60 HPs)
             Began as a Spriggan Enchanter on Sept 30, 2016.
             Was a High Priest of Dithmenos.
             Slain by a black mamba (14 damage)
             ... on level 2 of the Lair of Beasts.
             The game lasted 03:11:14 (19046 turns).

kengeki the Covert (Spriggan Enchanter)            Turns: 19046, Time: 03:11:16

Health: -2/60      AC:  4    Str:  4    XL:     12   Next: 38%
Magic:  27/27      EV: 18    Int: 21    God:    Dithmenos [*****.]
Gold:   317        SH:  0    Dex: 17    Spells: 5 memorised, 19 levels left

rFire  + . .     SeeInvis +     j - +3 dagger (freeze)
rCold  + . .     Gourm    .     J - +2 robe {MR+}
rNeg   . . .     Faith    .     (shield restricted)
rPois  +         Spirit   .     (helmet restricted)
rElec  +         Dismiss  .     (no cloak)
rCorr  +         Reflect  .     (gloves unavailable)
SustAt +         Harm     .     (boots unavailable)
MR     +++..                    H - amulet of magic regeneration
Stlth  +++++++++.               s - ring of sustain attributes
                                p - ring of resist corrosion

@: lethally poisoned (-2 -> -3), resistant, hasted, wreathed by umbra, very
quick, extremely resistant to hostile enchantments, incredibly stealthy
A: unfitting armour, hooves 1, see invisible, herbivore 3, speed 3, slow
metabolism 2, wild magic 2
a: Shadow Step, Shadow Form, Renounce Religion


You were on level 2 of the Lair of Beasts.
You worshipped Dithmenos.
Dithmenos was extremely pleased with you.
You were not hungry.

You visited 3 branches of the dungeon, and saw 14 of its levels.

You collected 757 gold pieces.
You spent 440 gold pieces at shops.

Inventory:

Hand Weapons
 j - a +3 dagger of freezing (weapon)
 q - the +7 rapier "Guahi" {drain, rPois Str+6 Int-4 SInv}
   (You found it on level 4 of the Dungeon)

   A truly terrible weapon, it drains the life of those it strikes.
   It affects your strength (+6).
   It affects your intelligence (-4).
   It protects you from poison.
   It lets you see invisible.
Missiles
 a - 33 poisoned needles
 t - 3 javelins (quivered)
Armour
 J - a +2 robe of magic resistance (worn)
Jewellery
 p - a ring of resist corrosion (left hand)
 s - a ring of sustain attributes (right hand)
 H - an amulet of magic regeneration (around neck)
 O - an uncursed ring of fire
Wands
 d - a wand of polymorph (16/24)
 l - a wand of teleportation (1/9)
 x - a wand of slowing (19/48)
 D - a wand of iceblast (11/15)
 E - a wand of disintegration (9/24)
 G - a wand of lightning (9/15)
Scrolls
 c - 3 scrolls of summoning
 g - 6 scrolls of remove curse
 h - a scroll of enchant armour {unknown}
 m - a scroll of teleportation
 r - a scroll of fog
 v - 4 scrolls of identify
Potions
 b - 2 potions of cure mutation
 e - a potion of magic
 f - a potion of brilliance
 i - 2 potions of flight
 n - 3 potions of agility
 w - 3 potions of curing
 z - a potion of invisibility {unknown}
Comestibles
 k - 3 fruits
 u - 7 bread rations


   Skills:
 + Level 5.3 Fighting
 + Level 8.6 Short Blades
 - Level 3.2 Dodging
 + Level 12.9 Stealth
 + Level 10.1 Spellcasting
 - Level 5.0 Conjurations
 + Level 10.2 Hexes
 - Level 7.0 Translocations
 - Level 4.0 Ice Magic
 + Level 4.2 Invocations
 + Level 5.5 Evocations


You had 19 spell levels left.
You knew the following spells:

 Your Spells              Type           Power        Failure   Level  Hunger
a - Ensorcelled Hibernat  Hex/Ice        ######       2%          2    None
b - Dazzling Spray        Conj/Hex       ######       3%          3    None
c - Confuse               Hex            ######..     2%          3    None
d - Tukima's Dance        Hex            ######..     2%          3    None
e - Apportation           Tloc           ######....   2%          1    None


Dungeon Overview and Level Annotations

Branches:
Dungeon (11/15)            Temple (1/1) D:4            Lair (2/8) D:11
    Orc: D:9-12

Altars:
Ashenzari
Cheibriados
Dithmenos
Elyvilon
Fedhas
Gozag
Kikubaaqudgha
Makhleb
Nemelex Xobeh
Okawaru
Pakellas
Qazlal
Ru
Sif Muna
Trog
Vehumet
Xom
Yredelemnul
Zin
The Shining One

Shops:
D:4 [   D:5 *   D:7 }[(%   D:8 %   D:10 =


Innate Abilities, Weirdness & Mutations

You are tiny and cannot use many weapons and most armour.
You have supernaturally acute eyesight.
You are a herbivore.
You cover ground extremely quickly.
You need consume almost no food.
You have large cloven feet.
Your spells are harder to cast, but more powerful.


Message History

You feel sick.
You feel sick.
You feel sick.
You feel sick.
You feel sick.
Drink which item? (? for menu, Esc to quit)
Okay, then.
Read which item? (? for menu, Esc to quit)
Okay, then.
Drink which item? (? for menu, Esc to quit)
Okay, then.
Drink which item? (? for menu, Esc to quit)
You feel protected. The black mamba misses you. The black mamba bites you!
* * * LOW HITPOINT WARNING * * *
You feel sick.
You feel sick. The black mamba closely misses you.
Drink which item? (? for menu, Esc to quit)
You feel yourself speed up. The black mamba bites you!
You die...

...............#
...............#
...............#
.......P.##...#.#
........###...###
.......###....##
....... ##....#
....... #.S.##
....... ##.@.###
.......# #....#.#
.......#.#.....##
...............# ##
....#....###.###
..................
..P..P........P#P..
..#P.....#...(......
#......#...[......


You could see a black mamba.

Vanquished Creatures
  A centaur warrior (D:10)
  A death knight (D:10)
  The ghost of appiemonkey the Fighter, a novice DsFi of Okawaru (D:10)
  An unseen horror (D:11)
  A hill giant (D:11)
  An ugly thing (D:11)
  A cyclops (D:11)
  A manticore (D:11)
  A gargoyle (D:11)
  4 spiny frogs
  3 kobold demonologists (D:11)
  2 komodo dragons (Lair:1)
  3 two-headed ogres
  Grinder (D:3)
  Prince Ribbit (D:8)
  4 blink frogs (Lair:1)
  Sigmund (D:3)
  A wraith (D:10)
  18 yaks
  A spriggan (D:7)
  5 hungry ghosts
  Edmund (D:5)
  Menkaure (D:5)
  3 wargs (D:11)
  3 porcupines
  2 black bears
  2 ice beasts
  4 orc warriors
  2 sky beasts
  A necrophage (D:5)
  5 ogres
  9 centaurs
  3 crocodiles
  2 big kobolds
  6 giant frogs
  A gnoll sergeant (D:8)
  A wyvern zombie (D:11)
  2 scorpions
  A water moccasin skeleton (D:10)
  10 wights (D:11)
  19 killer bees
  12 howler monkeys
  6 electric eels
  8 crimson imps
  2 giant frog zombies
  A quasit (D:6)
  4 orc priests
  Crazy Yiuf (D:5)
  2 giant frog skeletons
  5 hounds
  2 jellies
  15 orc wizards
  Jessica (D:3)
  6 iguanas
  Natasha (thrice) (D:3)
  3 worker ants
  6 sheep (Lair:1)
  A howler monkey zombie (D:8)
  7 gnolls
  16 adders
  4 shadow imps
  An ooze (D:3)
  An adder zombie (D:6)
  3 adder skeletons
  A dart slug (D:3)
  2 worms
  2 giant geckos (D:4)
  48 orcs
  7 bats
  5 giant cockroaches
  3 goblins
  8 hobgoblins
  15 jackals
  22 kobolds
  7 quokkas
  A ball python (D:2)
  9 giant newts
  A quokka skeleton (D:6)
  A quokka zombie (D:5)
  7 rats
380 creatures vanquished.

Vanquished Creatures (others)
  A quokka (D:9)
1 creature vanquished.

Grand Total: 381 creatures vanquished

Notes
Turn   | Place    | Note
--------------------------------------------------------------
     0 | D:1      | kengeki the Spriggan Enchanter began the quest for the Orb.
     0 | D:1      | Reached XP level 1. HP: 9/9 MP: 5/5
   270 | D:1      | Reached XP level 2. HP: 13/13 MP: 3/6
   274 | D:1      | Learned a level 2 spell: Ensorcelled Hibernation
   855 | D:2      | Reached skill level 5 in Stealth
  1200 | D:2      | Found a glowing golden altar of the Shining One.
  1264 | D:2      | Reached XP level 3. HP: 14/16 MP: 0/8
  1875 | D:2      | Reached XP level 4. HP: 21/21 MP: 7/10
  2697 | D:3      | Reached skill level 5 in Hexes
  2697 | D:3      | Reached XP level 5. HP: 24/24 MP: 8/11
  2792 | D:3      | Reached skill level 1 in Ice Magic
  2825 | D:3      | Noticed Natasha
  2830 | D:3      | Killed Natasha
  3181 | D:3      | Noticed Natasha
  3190 | D:3      | Killed Natasha
  3190 | D:3      | Reached skill level 6 in Stealth
  3279 | D:3      | Noticed Sigmund
  3332 | D:2      | Learned a level 3 spell: Confuse
  3336 | D:2      | Learned a level 3 spell: Dazzling Spray
  3340 | D:2      | Learned a level 3 spell: Tukima's Dance
  3404 | D:3      | Noticed Natasha
  3411 | D:3      | Killed Natasha
  3535 | D:3      | Reached XP level 6. HP: 24/28 MP: 8/13
  4046 | D:3      | Killed Sigmund
  4096 | D:3      | Reached skill level 1 in Conjurations
  4248 | D:3      | Gained mutation: You have large cloven feet. [potion of beneficial mutation]
  4253 | D:3      | Noticed Grinder
  4428 | D:3      | Killed Grinder
  4428 | D:3      | Reached skill level 5 in Spellcasting
  4428 | D:3      | Reached XP level 7. HP: 32/32 MP: 13/15
  4509 | D:3      | Noticed Jessica
  4512 | D:3      | Killed Jessica
  4602 | D:3      | Reached skill level 7 in Stealth
  5127 | D:4      | Found a staircase to the Ecumenical Temple.
  5272 | Temple   | Entered the Ecumenical Temple
  5503 | Temple   | Became a worshipper of Dithmenos the Shadowed
  5814 | D:4      | Found Ozuatej's Antique Armour Shop.
  5866 | D:4      | Got an ichor-stained rapier
  6577 | D:5      | Entered Level 5 of the Dungeon
  6585 | D:5      | Identified the +7 rapier "Guahi" {drain, rPois Str+6 Int-4 SInv} (You found it on level 4 of the Dungeon)
  6832 | D:5      | Reached XP level 8. HP: 36/36 MP: 12/17
  6951 | D:5      | Reached * piety under Dithmenos
  7063 | D:5      | Noticed Menkaure
  7188 | D:5      | Found Plog's Assorted Antiques.
  7193 | D:5      | Bought a bubbling cyan potion for 18 gold pieces
  7193 | D:5      | Bought a scroll labeled REFASHRO AFERATS for 21 gold pieces
  7193 | D:5      | Bought a yellow potion for 18 gold pieces
  7193 | D:5      | Bought an ivory wand for 84 gold pieces
  7193 | D:5      | Bought a scroll labeled DEWIGG ILLE for 21 gold pieces
  7282 | D:5      | Noticed Edmund
  7292 | D:5      | Killed Edmund
  7455 | D:5      | Reached skill level 8 in Stealth
  7586 | D:5      | Killed Menkaure
  7662 | D:5      | Found a glowing silver altar of Zin.
  7662 | D:5      | Found a deep blue altar of Sif Muna.
  7718 | D:5      | Noticed Crazy Yiuf
  7729 | D:5      | Killed Crazy Yiuf
  7922 | D:6      | Reached skill level 5 in Short Blades
  8348 | D:6      | Learned a level 1 spell: Apportation
  8405 | D:6      | Gained mutation: Your spells are a little harder to cast, but a little more powerful. [potion of mutation]
  8405 | D:6      | Gained mutation: Your spells are harder to cast, but more powerful. [potion of mutation]
  8431 | D:6      | Reached ** piety under Dithmenos
  8443 | D:6      | Reached XP level 9. HP: 40/40 MP: 15/20
  8517 | D:6      | Reached skill level 9 in Stealth
  8580 | D:6      | Reached skill level 1 in Fighting
  9432 | D:7      | Reached skill level 1 in Translocations
  9543 | D:7      | Found an iron altar of Okawaru.
  9552 | D:7      | Found Polets's Antique Weapon Emporium.
  9573 | D:7      | Found Elamaet's Food Shoppe.
  9581 | D:7      | Bought a royal jelly for 28 gold pieces
  9581 | D:7      | Bought a royal jelly for 28 gold pieces
  9635 | D:7      | Found Foutok's Armour Emporium.
 10030 | D:7      | Found a deep blue altar of Sif Muna.
 10183 | D:7      | Found Uratwuic's Gadget Shop.
 10190 | D:7      | Bought a wand of disintegration (10/24) for 182 gold pieces
 10998 | D:8      | Found a radiant altar of Vehumet.
 10998 | D:8      | Found a stormy altar of Qazlal.
 11132 | D:8      | Found Cimomept's Food Shoppe.
 11141 | D:8      | Bought a royal jelly for 20 gold pieces
 11141 | D:8      | Bought a royal jelly for 20 gold pieces
 11272 | D:8      | Reached *** piety under Dithmenos
 11857 | D:8      | Noticed Prince Ribbit
 11860 | D:8      | Killed Prince Ribbit
 11860 | D:8      | Reached skill level 10 in Stealth
 11860 | D:8      | Reached XP level 10. HP: 48/48 MP: 22/22
 12079 | D:9      | Reached skill level 5 in Translocations
 13148 | D:9      | Found a blossoming altar of Fedhas.
 13213 | D:9      | Reached skill level 1 in Invocations
 13422 | D:9      | Reached skill level 1 in Evocations
 13557 | D:9      | Found a white marble altar of Elyvilon.
 13830 | D:9      | Reached **** piety under Dithmenos
 13830 | D:9      | Reached skill level 11 in Stealth
 13879 | D:10     | Entered Level 10 of the Dungeon
 13882 | D:10     | Noticed appiemonkey's ghost (novice DsFi)
 13912 | D:10     | Noticed a death knight
 13915 | D:10     | Killed a death knight
 13915 | D:10     | Reached XP level 11. HP: 53/53 MP: 24/24
 14028 | D:10     | Noticed a centaur warrior
 14045 | D:10     | Killed a centaur warrior
 14141 | D:10     | Found Pagg's Jewellery Emporium.
 14634 | D:10     | Killed appiemonkey's ghost
 14870 | D:11     | Noticed a hill giant
 15635 | D:11     | Noticed an unseen horror
 15658 | D:11     | Killed an unseen horror
 15658 | D:11     | Reached skill level 5 in Conjurations
 15676 | D:11     | Noticed a white ugly thing
 16089 | D:11     | Killed a white ugly thing
 16089 | D:11     | Reached skill level 12 in Stealth
 16214 | D:11     | Reached ***** piety under Dithmenos
 16485 | D:11     | Found a staircase to the Lair.
 16804 | D:11     | Noticed a soul eater
 16973 | D:11     | Killed a hill giant
 16991 | D:11     | Noticed a sun demon
 17029 | D:11     | Reached XP level 12. HP: 59/59 MP: 21/26
 17627 | Lair:1   | Entered Level 1 of the Lair of Beasts
 17718 | Lair:1   | Reached skill level 10 in Hexes
 17718 | Lair:1   | Reached skill level 5 in Evocations
 17930 | Lair:1   | Reached skill level 5 in Fighting
 18197 | Lair:1   | Found a burning altar of Makhleb.
 18448 | Lair:1   | Reached skill level 10 in Spellcasting
 18966 | Lair:2   | Got a twitching brass ring
 18972 | Lair:2   | Identified the ring "Amoxzeecyo" {Int+2 SInv Stlth-} (You found it on level 2 of the Lair of Beasts)
 19046 | Lair:2   | Slain by a black mamba

Skill      XL: |  1  2  3  4  5  6  7  8  9 10 11 12 |
---------------+-------------------------------------+-----
Hexes          | 4 5 6 7 8 9 10 | 10.2
Stealth        | 5 6 7 8 10 11 12 | 12.9
Spellcasting   | 3 4 5 6 7 8 9 10 | 10.1
Short Blades   | 2 3 4 5 6 7 8 |  8.6
Ice Magic      | 1 2 3 4 |  4.0
Conjurations   | 1 2 3 4 5 |  5.0
Fighting       | 2 3 4 5 |  5.3
Translocations | 4 7 |  7.0
Invocations    | 2 3 4 |  4.2
Evocations     | 2 4 5 |  5.5
Dodging        | |  3.2

Action                   |  1- 3 |  4- 6 |  7- 9 | 10-12 || total
-------------------------+-------+-------+-------+-------++-------
Melee: Dagger            |    48 |    70 |   276 |   463 ||   857
       Kick              |       |     1 |    49 |   128 ||   178
       Rapier            |       |       |    27 |    37 ||    64
 Fire: Blowgun           |       |       |     7 |       ||     7
 Cast: Corona            |     2 |       |       |       ||     2
       Ensorcelled Hiber |    26 |    52 |    79 |    89 ||   246
       Confuse           |       |     5 |    43 |   163 ||   211
       Dazzling Spray    |       |       |     3 |       ||     3
Evoke: Wand              |       |     2 |       |     1 ||     3
  Use: Scroll            |     4 |     3 |    10 |    11 ||    28
       Potion            |     5 |     3 |     4 |     5 ||    17
 Stab: Sleeping          |    36 |    33 |    68 |    68 ||   205
       Distracted        |     1 |       |     3 |     2 ||     6
       Confused          |       |     5 |    24 |    92 ||   121
  Eat: Bread ration      |       |     1 |     1 |       ||     2
       Fruit             |       |     1 |       |       ||     1
       Pizza             |       |       |     1 |       ||     1
       Royal jelly       |       |       |       |     4 ||     4
Armor: Robe              |     2 |     5 |    12 |    11 ||    30
Dodge: Dodged            |    20 |    39 |   159 |   147 ||   365
